 Dungeon Crawl Stone Soup version 0.28.0 (webtiles) character file.

Game seed: 3411846054212650289

49 ProzacElf the Slasher (level 3, -2/43 HPs)
             Began as a Demonspawn Monk on Feb 14, 2022.
             Succumbed to a kobold brigand's poison
             ... on level 3 of the Dungeon.
             The game lasted 00:04:11 (2037 turns).

ProzacElf the Slasher (Demonspawn Monk)             Turns: 2037, Time: 00:04:11

Health: -2/43      AC: 21    Str: 12 (13) XL:     3   Next: 51%
Magic:  3/3        EV:  2    Int:  9 (11) God:
Gold:   62         SH:  0    Dex: 12 (15) Spells: 2/2 levels left

rFire   . . .      SeeInvis .   a - +0 falchion
rCold   . . .      Faith    .   (no shield)
rNeg    . . .      Spirit   .   (armour currently unavailable)
rPois   +          Reflect  .   (helmet currently unavailable)
rElec   .          Harm     .   (cloak currently unavailable)
rCorr   .          Rampage  .   (gloves currently unavailable)
Will    .....      NoTele   +   (boots currently unavailable)
Stlth   ++........              g - amulet of magic regeneration
HPRegen 0.14/turn               (no ring)
MPRegen 0.48/turn               (no ring)

@: lethally poisoned (-2 -> -15), tree-form
A: stationary, stasis, torment immunity, boosted hp, demonic magic 1
a: no special abilities


You were on level 3 of the Dungeon.
You were a tree.
You visited 1 branch of the dungeon, and saw 3 of its levels.

You collected 62 gold pieces.

Inventory:

Hand Weapons
 a - a +0 falchion (weapon)
 h - a +0 mace
 o - a +0 quarterstaff
 p - a +0 hunting sling
Missiles
 c - 2 poisoned darts (quivered)
 l - 19 stones
 q - 24 bolts
Armour
 b - a +0 robe
 d - a +0 ring mail (melded)
Magical Staves
 j - a staff of poison
Jewellery
 g - an amulet of magic regeneration (around neck)
 i - an amulet of faith
Scrolls
 f - a scroll of teleportation
 k - a scroll of enchant weapon {unknown}
 m - a scroll of amnesia {unknown}


   Skills:
 - Level 3.0 Fighting
 + Level 3.5 Long Blades
 + Level 3.5 Dodging
 - Level 1.7 Stealth


You had 2 spell levels left.
You didn't know any spells.
Your spell library contained the following spells:

 Spells                   Type           Power      Damage    Failure   Level
 Beastly Appendage        Tmut           0%         N/A       38%         1
 Wereblood                Tmut           0%         N/A       52%         2
 Spider Form              Tmut/Pois      0%         N/A       77%         3


Dungeon Overview and Level Annotations

Branches:
Dungeon (3/15)

Altars:

Shops:
D:1 :

Annotations:
D:2 Natasha


Innate Abilities, Weirdness & Mutations

You are a tree.
Your roots penetrate the ground, keeping you stationary.
You cannot be teleported.
You are immune to unholy pain and torment.
Your maximum health is greatly increased.
Your equipment is partially melded.
Spells you cast may paralyse adjacent enemies.


Message History

Tha kobold brigand looks more healthy.
Found a lumpy amethyst potion an' 14 gold pieces.
Tha kobold brigand throws a poison'd dart.
Tha poison'd dart barely misses ye.
Throw: 4 darts (poison)
Press: ? - help, Q - select action, (/) - cycle Shift-Dir - straight line, f/p - kobold brigand
Aim: a kobold brigand, wieldin' a +0 dagger an' quiverin' poison'd darts (heavily wounded, 51% ta hit) Ye throw a poison'd dart.
Tha poison'd dart hits tha kobold brigand.
Tha kobold brigand be heavily wounded.
A frilled lizard comes inta view.
Tha kobold brigand throws a poison'd dart.
Tha poison'd dart barely misses ye.
Throw: 3 darts (poison)
Press: ? - help, Q - select action, (/) - cycle Shift-Dir - straight line, f/p - kobold brigand
Aim: a kobold brigand, wieldin' a +0 dagger an' quiverin' poison'd darts (heavily wounded, 51% ta hit) Ye throw a poison'd dart.
Tha poison'd dart hits tha kobold brigand.
Tha kobold brigand be poison'd.
Tha kobold brigand be heavily wounded.
Tha kobold brigand throws a poison'd dart.
Tha poison'd dart hits ye!
Ye be leth'lly poison'd!
* * * LOW HITPOINT WARNIN'
* * * Ye feel very sick.
Tha kobold brigand throws a poison'd dart.
Tha poison'd dart hits ye!
Ye be more poison'd.
Ye take 2 damage, an' haf 3/29 hp.
It was a potion o' lignification.
Ye turn inta a tree.
Yer +0 rin' mail melds inta yer body.
Yer roots penetrate tha ground.
* * * LOW HITPOINT WARNIN'
* * * Ye feel very sick.
Tha kobold brigand throws a poison'd dart.
Tha poison'd dart hits ye!
Ye now haf 1/43hp.
It was a potion o' degeneration.
Thar was somethin' very wrong wit tha liquid.
Ye feel weaken'd.
Ye feel dopey.
Ye feel clumsy.
Ye die...

.......$..#
..........#
..........## ##
........... .###
..........###...##
..........l.......
...!....K........
.....#.#....###...
### ##K#..♣.......
#..####..###.. #<##
..# #.# .... . ###(#
.....#
....#..(###........
....................
....##.#............
...>....)#......


You could see a kobold brigand (poisoned) and a frilled lizard.

Vanquished Creatures
  An adder (D:2)
  A worm (D:2)
  A dart slug (D:2)
  5 bats
  3 endoplasms
  A giant cockroach (D:1)
  4 goblins (D:1)
  2 hobgoblins (D:1)
  A jackal (D:2)
  3 quokkas (D:1)
  4 ball pythons
  3 frilled lizards
  2 kobolds
  3 rats
34 creatures vanquished.

Notes
Turn   | Place    | Note
-------+----------+-------------------------------------------
     0 | D:1      | ProzacElf the Demonspawn Monk began the quest for the Orb.
     0 | D:1      | Reached XP level 1. HP: 18/18 MP: 1/1
   141 | D:1      | Found Byatec's Book Emporium.
   275 | D:1      | Gained mutation: Spells you cast may paralyse adjacent
                  | enemies. [demonic ancestry]
   275 | D:1      | Reached XP level 2. HP: 23/24 MP: 2/2
  1132 | D:2      | Reached XP level 3. HP: 26/29 MP: 3/3
  1727 | D:2      | Noticed Natasha
  2006 | D:3      | Noticed a kobold brigand
  2036 | D:3      | HP: 1/43 [poisoned by a kobold brigand]
  2037 | D:3      | Succumbed to a kobold brigand's poison

Illustrated notes

Levels and vault maps discovered:
D:1:      giann_wishing_wells, layout_basic, serial_shops, nicolae_shop_crystal
D:2:      layout_rooms, minmay_split_cup_small, uniq_natasha
D:3:      layout_rooms

Skill      XL: |  1 |
---------------+----+-----
Long Blades    | 3 |  3.5
Dodging        | 3 |  3.5
Fighting       | |  3.0
Stealth        | |  1.7

Action                   || total
-------------------------++-------
Melee: Falchion          ||   126
Throw: Dart              ||     7
  Use: Potion            ||     4
       Scroll            ||     1
 Stab: Sleeping          ||     2
Armor: Robe              ||    16
       Ring mail         ||     4
Dodge: Dodged            ||   106
